 Dungeon Crawl Stone Soup version 0.31-a0-765-g67fe2935dc (webtiles) character file.

Game seed: 12481901181624818739

30 quakins the Cudgeller (level 3, 31/31 HPs)
             Began as an Armataur Warper on Sept 15, 2023.
             Quit the game on level 1 of the Dungeon.
             The game lasted 00:01:35 (822 turns).

quakins the Cudgeller (Armataur Warper)              Turns: 822, Time: 00:01:36

Health: 31/31      AC:  5    Str: 18    XL:     3   Next: 5%
Magic:  5/5        EV:  8    Int: 13    God:
Gold:   10         SH:  0    Dex:  9    Spells: 5/5 levels left

rFire   . . .        a - +0 mace
rCold   . . .        (no shield)
rNeg    . . .        g - +0 ring mail
rPois   .            (no helmet)
rElec   .            (no cloak)
rCorr   .            (no gloves)
SInv    .            (no barding)
Will    .....        (no amulet) Stlth
                     (no ring)
HPRegen 0.25/turn    (no ring)
MPRegen 0.09/turn

%: roll
@: no status effects
A: large, rugged brown scales 3, deformed body, armoured tail, roll, long
tongue, awkward tongue
a: no special abilities


You were on level 1 of the Dungeon.
You visited 1 branch of the dungeon, and saw 1 of its levels.

You collected 10 gold pieces.

Inventory:

Hand Weapons
 a - a +0 mace (weapon)
Missiles
 d - 9 darts of dispersal (quivered)
Armour
 g - a +0 ring mail (worn)
Scrolls
 c - a scroll of blinking
 f - a scroll of acquirement {unknown}
 i - a scroll of identify {unknown}
Potions
 b - a potion of heal wounds {unknown}
 e - a potion of curing {unknown}
 h - a potion of invisibility {unknown}


   Skills:
 - Level 1.7 Fighting
 + Level 3.2 Maces & Flails
 - Level 0.8 Throwing
 - Level 1.2 Armour
 - Level 1.3 Dodging
 - Level 1.7 Spellcasting
 - Level 3.0 Translocations


You had 5 spell levels left.
You didn't know any spells.
Your spell library contained the following spells:

 Spells                   Type           Power      Damage    Failure   Level
 Apportation              Tloc           16%        N/A       14%         1
 Blink                    Tloc           16%        N/A       21%         2
 Lesser Beckoning         Tloc           16%        N/A       21%         2
 Teleport Other           Tloc           8%         N/A       38%         3
 Slow                     Hex            4%         N/A       43%         1
 Jinxbite                 Hex            2%         N/A       56%         2
 Confusing Touch          Hex            1%         N/A       80%         3
 Sigil of Binding         Hex            1%         N/A       80%         3
 Vampiric Draining        Necr           1%         2d6       80%         3
 Manifold Assault         Tloc           8%         N/A       80%         4
 Vhi's Electric Charge    Tloc/Air       10%        N/A       94%         4
 Alistair's Intoxication  Tmut/Pois      0%         N/A       100%        5


Dungeon Overview and Level Annotations

Branches:
Dungeon (1/15)

Altars:


Innate Abilities, Weirdness & Mutations

You are completely covered in rugged brown scales. (AC +3, +7% HP)
Armour fits poorly on your strangely shaped body.
You have a long armoured tail.
You roll when moving toward enemies. (Rampage)
Your long tongue fully drains potion bottles. (2x potion effects)
Your tongue gives you trouble enunciating. (1.5x scroll delay)


Message History

You sock the hobgoblin!
You kill the hobgoblin!
A quokka and a ball python come into view.
The ball python hisses angrily.
The quokka moves out of view.
You see here a scroll labelled HYDUNOUQAM.
A ball python is nearby!
A ball python is nearby!
i - a scroll labelled HYDUNOUQAM The ball python bites you.
You sock the ball python!
You kill the ball python!
The quokka misses you.
You have reached level 3!
Your experience leads to an increase in your attributes!
Increase (S)trength, (I)ntelligence, or (D)exterity?
You feel stronger. x2
A quokka is nearby!
You miss the quokka.
Your tail-slap misses the quokka.
The quokka barely misses you.
You miss the quokka. The quokka misses you.
The quokka bites you but does no damage.
You closely miss the quokka. The quokka barely misses you.
You miss the quokka. The quokka bites you.
The quokka bites you but does no damage.
You barely miss the quokka. The quokka bites you.
You hit the quokka but do no damage. The quokka barely misses you.
The quokka bites you but does no damage.
You sock the quokka!
You kill the quokka!
A rat comes into view.
A rat is nearby!
A rat is nearby!
Unknown command.
Okay, then.
Welcome back, quakins the Armataur Warper.
Press ? for a list of commands and other information.
Unknown command.
Unknown command.
Are you sure you want to abandon this character and quit the game? (Confirm with "yes".)

###########
#.........
#########.####..#
#.....@.....##..#
.r......##.#.....#
.........#.####..#
# ........##.#
#..#####.#
.......###.#
#........# ...
.......#
#......###.####
#.# .......#
######## #.# #.#
.......## #.# #.#
##...## #.#


You could see a rat.

Vanquished Creatures
  A dart slug (D:1)
  2 endoplasms (D:1)
  2 giant cockroaches (D:1)
  3 hobgoblins (D:1)
  3 kobolds (D:1)
  3 quokkas (D:1)
  3 ball pythons (D:1)
  4 bats (D:1)
  A frilled lizard (D:1)
  2 goblins (D:1)
  A rat (D:1)
25 creatures vanquished.

Notes
Turn   | Place    | Note
-------+----------+-------------------------------------------
     0 | D:1      | quakins the Armataur Warper began the quest for the Orb.
     0 | D:1      | Reached XP level 1. HP: 18/18 MP: 3/3
     3 | D:1      | Noticed an electric eel
     4 | D:1      | Noticed an electric eel
   341 | D:1      | Reached XP level 2. HP: 18/25 MP: 4/4
   797 | D:1      | Reached XP level 3. HP: 31/31 MP: 5/5
   822 | D:1      | Quit the game

Illustrated notes

Levels and vault maps discovered:
D:1:      arrival_aquarium_b, layout_loops_corners,
          wander_ebering_terrifying_dragon_lair

Skill      XL: |  1  2 |
---------------+-------+-----
Maces & Flails | 2 3 |  3.2
Fighting       | |  1.7
Throwing       | |  0.8
Armour         | |  1.2
Dodging        | |  1.3
Spellcasting   | |  1.7
Translocations | |  3.0

Action                     || total
---------------------------++-------
  Melee: Mace              ||    69
         Tailslap          ||     5
 Armour: Leather armour    ||     9
         Ring mail         ||    32
  Dodge: Dodged            ||    46

Table legend: (Time is in decaauts)
 A = Elapsed time spent in this place.
 B = Non-inter-level travel time spent in this place.
 C = Inter-level travel time spent in this place.
 D = Time resting spent in this place.
 E = Time spent auto-exploring this place.
 F = Levels seen in this place.
 G = Mean time per level.
                   A        B        C        D        E       F      G
               +--------+--------+--------+--------+--------+-----+--------+
         Total |    840 |    819 |     21 |      0 |    613 |   1 |  840.0 |
       Dungeon |    840 |    819 |     21 |      0 |    613 |   1 |  840.0 |
               +--------+--------+--------+--------+--------+-----+--------+

Top non-repeatable levels by time:
     D:1: 840 daAuts
